 Dungeon Crawl Stone Soup version 0.23.1-44-gbd83930989 (webtiles) character file.

Game seed: 17385844205534682928

13494 Norn the Grappler (level 11, -7/99 HPs)
             Began as a Grey Draconian Transmuter on Mar 31, 2019.
             Was a Priest of Makhleb.
             Mangled by a blink frog (20 damage)
             ... on level 11 of the Dungeon.
             The game lasted 00:37:35 (15606 turns).

Norn the Grappler (Grey Draconian Transmuter)      Turns: 15606, Time: 00:37:36

Health: -7/99      AC:  2    Str: 13    XL:     11   Next: 76%
Magic:  13/17      EV: 27    Int: 17    God:    Makhleb [***...]
Gold:   521        SH:  0    Dex: 16    Spells: 4/18 levels left

rFire    . . .     SeeInvis .     - Unarmed
rCold    . . .     Gourm    .   (shield currently unavailable)
rNeg     . . .     Faith    .   (armour unavailable)
rPois    x         Spirit   .   (helmet currently unavailable)
rElec    .         Reflect  .   (cloak currently unavailable)
rCorr    .         Harm     .   (gloves currently unavailable)
MR       .....                  (boots currently unavailable)
Stlth    +.........             (no amulet)
HPRegen  0.26/turn              (no ring)
MPRegen  0.15/turn              (no ring)

@: about to teleport, spider-form
A: tiny, (walk through water), unfitting armour, AC +12
a: End Transformation, Minor Destruction, Lesser Servant of Makhleb, Renounce
Religion


You were on level 11 of the Dungeon.
You worshipped Makhleb.
Makhleb was most pleased with you.
You were not hungry.
You were a venomous arachnid creature.
You visited 3 branches of the dungeon, and saw 13 of its levels.

You collected 521 gold pieces.

Inventory:

Hand Weapons
 F - the +8 spear "Caracy" {drain, rPois rN++}
   (You took it off a boggart on level 9 of the Dungeon)

   A truly terrible weapon, it drains the life of those it strikes.
   It protects you from poison.
   It greatly protects you from negative energy.
 I - the +9 arbalest of Kienujiw {penet, rN+, unknown}
   (You found it on level 10 of the Dungeon)

   Ammo fired by it will pass through the targets it hits, potentially hitting
   all targets in its path until it reaches maximum range.
   It protects you from negative energy.
 J - a +1 hunting sling of velocity
   (You took it off a goblin on level 3 of the Dungeon)
Missiles
 a - 216 arrows
 d - 336 stones (quivered)
 D - 5 throwing nets {!f}
Armour
 g - a +1 pair of boots (melded)
   (You found it on level 1 of the Dungeon)
 C - a +0 pair of gloves (melded)
   (You found it on level 7 of the Dungeon)
 H - a +0 cloak (melded)
   (You found it on level 9 of the Dungeon)
Magical Staves
 M - an uncursed staff of fire
   (You found it on level 9 of the Dungeon)
 N - an uncursed staff of energy (melded) {!a}
   (You found it on level 9 of the Dungeon)
Jewellery
 i - an uncursed ring of protection from fire
   (You took it off Harold on level 8 of the Dungeon)
 x - an uncursed ring of fire {unknown}
   (You found it on level 4 of the Dungeon)
 G - an uncursed amulet of regeneration {unknown}
   (You found it on level 10 of the Dungeon)
Wands
 t - a wand of flame (23)
   (You found it on level 10 of the Dungeon)
 v - a wand of digging (4)
   (You found it on level 6 of the Dungeon)
 K - a wand of polymorph (3)
   (You found it on level 10 of the Dungeon)
Scrolls
 c - 3 scrolls of amnesia
 h - 2 scrolls of blinking
 j - 7 scrolls of enchant weapon {unknown}
 l - a scroll of magic mapping {unknown}
 m - 6 scrolls of teleportation {@r4}
 n - 4 scrolls of noise {!r}
 q - a scroll of holy word {unknown}
 r - 5 scrolls of fear
 u - a scroll of immolation {unknown}
 w - 4 scrolls of remove curse {unknown}
 y - a scroll of fog {unknown}
 L - a scroll of enchant armour {unknown}
 R - a scroll of identify {@r1}
Potions
 b - a potion of lignification {!q}
 f - a potion of cancellation
 k - 2 potions of heal wounds {@q2}
 o - a potion of magic
 p - a potion of might
 s - 2 potions of mutation {unknown}
 z - a potion of flight {unknown}
 A - a potion of haste {@q3}
 B - a potion of curing {unknown}
 E - a potion of degeneration {unknown}
 P - a potion of brilliance {unknown}
Miscellaneous
 O - a lightning rod (4/4) {!a}
   (You found it on level 9 of the Dungeon)
Comestibles
 e - 21 rations {!d}
 Q - 4 chunks of flesh


   Skills:
 + Level 9.7 Fighting
 + Level 8.3 Dodging
 - Level 10.0 Unarmed Combat
 - Level 4.1 Spellcasting
 + Level 10.0 Transmutations
 + Level 3.1 Invocations


You had 4 spell levels left.
You knew the following spells:

 Your Spells              Type           Power        Failure   Level  Hunger
a - Blade Hands           Tmut           #####.....   19%         5    ######.
c - Ice Form              Ice/Tmut       ###.....     41%         4    ####...
s - Sticks to Snakes      Tmut           #####...     3%          2    ##.....
x - Spider Form           Tmut/Pois      ###.......   17%         3    ###....

Your spell library contained the following spells:

 Spells                   Type           Power        Failure   Level  Hunger
 Beastly Appendage        Tmut           #####.       2%          1    None
 Leda's Liquefaction      Hex/Erth       #.........   94%         4    ####...
 Statue Form              Tmut/Erth      ###......    99%         6    #######
 Bolt of Magma            Conj/Fire/Erth #.........   100%        5    ######.
 Iron Shot                Conj/Erth      #.........   100%        6    #######
 Shatter                  Erth           #.........   100%        9    #######


Dungeon Overview and Level Annotations

Branches:
Dungeon (11/15)            Temple (1/1) D:7            Lair (1/6) D:11
    Orc: D:9-12

Altars:
Ashenzari
Cheibriados
Dithmenos
Elyvilon
Fedhas
Gozag
Hepliaklqana
Kikubaaqudgha
Makhleb
Nemelex Xobeh
Okawaru
Qazlal
Ru
Sif Muna
Trog
Uskayaw
Vehumet
Wu Jian
Xom
Yredelemnul
Zin
The Shining One


Innate Abilities, Weirdness & Mutations

((You can walk through water.))
((Your dull iron-grey scales are very hard. (AC +12)))
You cannot fit into any form of body armour.
((You can survive without breathing.))
((You are cold-blooded and may be slowed by cold attacks.))


Message History

Your +1 pair of boots melds into your body.
You climb downwards.
Welcome back to the Lair of Beasts!
The blink frog hits you. The blink frog completely misses you.
The blink frog misses you. The blink frog hits you! The blink frog misses you.
The blink frog hits you!!
The blink frog blinks!
The blink frog completely misses you.
There is a staircase back to the Dungeon here.
You bite the blink frog!
The blink frog is poisoned.
The blink frog blinks!
The blink frog hits you!
You hit the blink frog.
The blink frog is poisoned.
The blink frog barely misses you.
The blink frog blinks!
You completely miss the blink frog. The blink frog hits you!
* * * LOW HITPOINT WARNING * * *
The blink frog barely misses you. The blink frog completely misses you.
The blink frog hits you.
* * * LOW HITPOINT WARNING * * *
The blink frog closely misses you.
You climb upwards.
Welcome back to the Dungeon!
There is a staircase to the Lair here.
The blink frog completely misses you. The blink frog barely misses you.
The blink frog misses you. The blink frog hits you!
* * * LOW HITPOINT WARNING * * *
The blink frog barely misses you.
There is an open door, spattered with blood here.
Things that are here:
a +0 chain mail; a +0 dire flail The blink frog blinks!
You create 3 snakes!
You now have 218 arrows.
The blink frog looks more healthy.
The blink frog hits you!
* * * LOW HITPOINT WARNING * * *
Your adder misses the blink frog.
Your adder bites the blink frog.
Your adder barely misses the blink frog.
Your adder bites the blink frog.
Your ball python bites the blink frog.
Your ball python completely misses the blink frog.
Your ball python closely misses the blink frog.
Your ball python misses the blink frog.
The blink frog blinks!
As you read the scroll of teleportation {@r4}, it crumbles to dust.
You feel strangely unstable.
Your adder misses the blink frog.
The blink frog blinks!
The blink frog barely misses your ball python.
Your ball python bites the fungus.
Your ball python grabs the fungus.
Your ball python constricts the fungus.
Casting: Sticks to Snakes (safe; 3% risk of failure)
You create 2 snakes!
You now have 216 arrows.
The blink frog hits your ball python!
Your ball python dies!
Your adder bites the blink frog.
The blink frog hits you!!
You die...

#.#######.# #.... ####.####
#.###.### #.......# #.....#
#.#..##.# #######
###.......####.....#
##.....SP.P)........#
#P...PPPFS....#.....#
##.P.PF..P.....#.....#
#..PPSPsPP..P........#
#....P####...P.#.#####
##P....[..#P.P....#
#...P..#.>#.......#
#..PPP.####P...P###
#...P.P.....PP.P# #######
#.#....P...P.P..###.....[
#########.#...P...P...P...#.##...
.##..).##........P...........#.##


You could see 2 blink frogs and 3 friendly adders.

Vanquished Creatures
  A deep elf annihilator (D:9)
  Harold (D:8)
  2 two-headed ogres (D:11)
  A wizard (D:10)
  An orc knight (D:9)
  3 ugly things
  A freezing wraith (D:9)
  A komodo dragon (D:11)
  A troll (D:9)
  A merfolk (D:10)
  17 yaks
  A wyvern (D:10)
  3 hungry ghosts
  Edmund (D:5)
  An acid dragon (D:9)
  2 porcupines (D:11)
  3 black bears (D:11)
  An ice beast (D:11)
  4 orc warriors
  2 sky beasts
  8 ogres
  3 phantoms
  A boggart (D:9)
  2 centaurs (D:7)
  9 bullfrogs
  A water moccasin zombie (D:5)
  A wyvern skeleton (D:11)
  A scorpion (D:5)
  4 killer bees (D:8)
  A howler monkey (D:4)
  4 crimson imps
  A quasit (D:8)
  4 hounds
  A centaur zombie (D:6)
  2 jellies
  9 orc wizards
  3 bullfrog skeletons
  7 orc priests
  5 iguanas
  6 worker ants
  A hound zombie (D:5)
  A hound skeleton (D:5)
  4 worker ant zombies
  16 gnolls
  14 adders
  3 shadow imps
  An adder zombie (D:9)
  3 adder skeletons
  3 worms (D:2)
  8 leopard geckos
  30 orcs
  5 giant cockroaches
  8 goblins
  8 hobgoblins
  11 jackals
  5 kobolds
  5 quokkas
  3 ball pythons
  10 bats
  5 frilled lizards
  2 leopard gecko skeletons
  A quokka zombie (D:5)
  8 rats
276 creatures vanquished.

Vanquished Creatures (collateral kills)
  An orc wizard (D:10)
1 creature vanquished.

Vanquished Creatures (others)
  2 fungi (D:11)
2 creatures vanquished.

Grand Total: 279 creatures vanquished

Notes
Turn   | Place    | Note
-------+----------+-------------------------------------------
     0 | D:1      | Norn the Draconian Transmuter began the quest for the Orb.
     0 | D:1      | Reached XP level 1. HP: 16/16 MP: 3/3
   294 | D:1      | Reached XP level 2. HP: 23/23 MP: 3/5
   325 | D:1      | Learned a level 2 spell: Sticks to Snakes
   851 | D:2      | Reached XP level 3. HP: 24/28 MP: 4/6
   856 | D:2      | Learned a level 3 spell: Spider Form
  1501 | D:2      | Reached skill level 5 in Unarmed Combat
  1501 | D:2      | Reached XP level 4. HP: 26/35 MP: 5/7
  3060 | D:3      | Reached XP level 5. HP: 32/40 MP: 1/8
  3796 | D:4      | Reached XP level 6. HP: 47/47 MP: 7/10
  4256 | D:4      | Reached skill level 5 in Transmutations
  4528 | D:4      | Your scales start taking on a dull iron-grey colour.
  4528 | D:4      | Reached XP level 7. HP: 20/52 MP: 10/12
  4528 | D:4      | Gained mutation: You can survive without breathing. [Grey
                  | Draconian growth]
  5216 | D:5      | Entered Level 5 of the Dungeon
  5740 | D:5      | Found a shattered altar of Ashenzari.
  5842 | D:5      | Noticed Edmund
  5911 | D:5      | Killed Edmund
  5952 | D:5      | Found a stormy altar of Qazlal.
  6011 | D:5      | Reached XP level 8. HP: 62/62 MP: 14/14
  6015 | D:5      | Found a sparkling altar of Nemelex Xobeh.
  6106 | D:5      | Found a sacrificial altar of Ru.
  7708 | D:7      | Found a staircase to the Ecumenical Temple.
  7719 | Temple   | Entered the Ecumenical Temple
  7813 | Temple   | Became a worshipper of Makhleb the Destroyer
  8051 | D:7      | Reached XP level 9. HP: 57/72 MP: 11/15
  8267 | D:7      | Found a bloodstained altar of Trog.
  8367 | D:7      | Found a snail-covered altar of Cheibriados.
  8483 | D:7      | Reached skill level 5 in Fighting
  8509 | D:7      | Reached * piety under Makhleb
  8876 | D:7      | Found a sparkling altar of Nemelex Xobeh.
  8877 | D:7      | Found an opulent altar of Gozag.
  9718 | D:8      | Reached skill level 5 in Dodging
  9721 | D:8      | Noticed Harold
  9892 | D:8      | Killed Harold
 10509 | D:9      | Found a white marble altar of Elyvilon.
 10743 | D:9      | Found a glowing golden altar of the Shining One.
 10971 | D:9      | Reached XP level 10. HP: 84/84 MP: 12/16
 11110 | D:9      | Noticed a brown ugly thing
 11124 | D:9      | Reached skill level 10 in Unarmed Combat
 11440 | D:9      | Killed a brown ugly thing
 11670 | D:9      | Identified the +8 spear "Caracy" {drain, rPois rN++}
 12055 | D:9      | Noticed a deep elf annihilator
 12055 | D:9      | Noticed an orc knight
 12086 | D:10     | Entered Level 10 of the Dungeon
 12439 | D:10     | Got a shimmering arbalest
 12617 | D:10     | Noticed a wizard
 12631 | D:10     | Killed a wizard
 12631 | D:10     | Reached ** piety under Makhleb
 13593 | D:10     | Reached XP level 11. HP: 42/94 MP: 17/17
 14035 | D:9      | Killed a deep elf annihilator
 14078 | D:9      | Killed an orc knight
 14512 | D:11     | Learned a level 5 spell: Blade Hands
 14517 | D:11     | Learned a level 4 spell: Ice Form
 14715 | D:11     | Noticed a cyan ugly thing
 14732 | D:11     | Killed a cyan ugly thing
 14777 | D:11     | Noticed a two-headed ogre
 14790 | D:11     | Killed a two-headed ogre
 14790 | D:11     | Reached skill level 10 in Transmutations
 14798 | D:11     | Reached *** piety under Makhleb
 14868 | D:11     | Noticed a red ugly thing
 14883 | D:11     | Killed a red ugly thing
 14883 | D:11     | Reached skill level 1 in Invocations
 15087 | D:11     | Noticed a two-headed ogre
 15093 | D:11     | Killed a two-headed ogre
 15129 | D:11     | Found a staircase to the Lair.
 15390 | Lair:1   | Entered Level 1 of the Lair of Beasts
 15606 | D:11     | Mangled by a blink frog

Skill      XL: |  1  2  3  4  5  6  7  8  9 10 11 |
---------------+----------------------------------+-----
Unarmed Combat | 4 5 7 9 10 | 10.0
Transmutations | 3 4 5 6 8 10 | 10.0
Spellcasting   | 3 4 |  4.1
Dodging        | 2 4 5 7 8 |  8.3
Fighting       | 2 4 6 8 9 |  9.7
Invocations    | 3 |  3.1

Action                   |  1- 3 |  4- 6 |  7- 9 | 10-12 || total
-------------------------+-------+-------+-------+-------++-------
Melee: Unarmed           |   143 |   138 |   348 |   280 ||   909
       Tailslap          |    16 |     5 |       |     3 ||    24
       Kick              |    11 |     1 |       |       ||    12
       Punch             |     3 |       |       |     1 ||     4
       Headbutt          |     8 |     3 |       |       ||    11
 Fire: Hunting sling     |       |    60 |    98 |    32 ||   190
 Cast: Beastly Appendage |    24 |     6 |     1 |       ||    31
       Spider Form       |       |    16 |    58 |    31 ||   105
       Sticks to Snakes  |       |     4 |     8 |    25 ||    37
       Blade Hands       |       |       |       |     8 ||     8
       Ice Form          |       |       |       |     1 ||     1
 Abil: End Transformatio |       |       |       |     1 ||     1
  Use: Scroll            |       |       |     9 |     4 ||    13
       Potion            |       |       |       |     2 ||     2
 Stab: Sleeping          |       |       |     2 |       ||     2
       Distracted        |       |       |     1 |     1 ||     2
  Eat: Chunk             |     2 |    10 |    20 |    19 ||    51
       Ration            |       |     1 |     2 |       ||     3
Armor: Skin              |    45 |    54 |    26 |    20 ||   145
Dodge: Dodged            |   112 |   157 |   287 |   229 ||   785
